 Dungeon Crawl Stone Soup version 0.29-a0-520-gc852659d43 (webtiles) character file.

Game seed: 2120929103894200379

161 Bruhh the Ogre Mage (level 5, -2/45 HPs)
             Began as an Ogre Air Elementalist on May 31, 2022.
             Slain by Duvessa
             ... wielding a +0 short sword
              (7 damage)
             ... on level 4 of the Dungeon.
             The game lasted 00:03:01 (3519 turns).

Bruhh the Ogre Mage (Ogre Air Elementalist)         Turns: 3519, Time: 00:03:02

Health: -2/45      AC:  3    Str: 12    XL:     5   Next: 42%
Magic:  3/11       EV:  9    Int: 18    God:
Gold:   158        SH:  0    Dex:  9    Spells: 9/12 levels left

rFire   . . .      SeeInvis .   m - +2 morningstar (drain)
rCold   . . .      Faith    .   (no shield)
rNeg    . . .      Spirit   .   a - +0 robe
rPois   .          Reflect  .   (helmet restricted)
rElec   .          Harm     .   (no cloak)
rCorr   .          Rampage  .   (gloves unavailable)
Will    .....                   (boots unavailable)
Stlth   +.........              i - amulet of magic regeneration
HPRegen 0.15/turn               (no ring)
MPRegen 0.52/turn               (no ring)

@: very slightly contaminated
A: large, unfitting armour, tough skin 1
a: no special abilities


You were on level 4 of the Dungeon.
You visited 1 branch of the dungeon, and saw 4 of its levels.

You collected 158 gold pieces.

Inventory:

Hand Weapons
 g - a +0 club
 m - a +2 morningstar of draining (weapon)
Armour
 a - a +0 robe (worn)
Jewellery
 c - a +6 ring of dexterity
 i - an amulet of magic regeneration (around neck)
Scrolls
 d - 2 scrolls of enchant weapon
 e - a scroll of silence
 f - 2 scrolls of teleportation
 k - a scroll of poison
 l - a scroll of torment
 n - a scroll of blinking
 p - a scroll of enchant armour {unknown}
 q - a scroll of magic mapping {unknown}
 s - a scroll of vulnerability {unknown}
Potions
 b - a potion of magic
 h - 2 potions of attraction {unknown}
 j - a potion of mutation {unknown}
 o - a potion of curing {unknown}
 r - a potion of brilliance {unknown}


   Skills:
 - Level 1.7 Dodging
 - Level 1.4 Stealth
 - Level 4.0 Spellcasting
 + Level 2.6 Conjurations
 + Level 3.8 Air Magic


You had 9 spell levels left.
You knew the following spells:

 Your Spells              Type           Power      Damage    Failure   Level
a - Shock                 Conj/Air       60%        1d6       3%          1
b - Static Discharge      Conj/Air       15%        N/A       6%          2

Your spell library contained the following spells:

 Spells                   Type           Power      Damage    Failure   Level
 Swiftness                Air            17%        N/A       9%          3
 Airstrike                Air            8%         N/A       30%         4


Dungeon Overview and Level Annotations

Branches:
Dungeon (4/15)
 Temple: D:4-7

Altars:
Kikubaaqudgha

Shops:
D:2 (

Annotations:
D:4 Duvessa


Innate Abilities, Weirdness & Mutations

You are too large for most types of armour.
You have tough skin. (AC +1)


Message History

c - a +6 ring of dexterity Duvessa, Sister of Dowan comes into view.
She is wielding a +0 short sword.
Duvessa is nearby!
The zap hits Duvessa.
Duvessa is lightly wounded.
The zap hits Duvessa but does no damage.
Duvessa is lightly wounded.
There is a stone staircase leading up here.
The zap misses Duvessa.
The zap hits Duvessa.
Duvessa is lightly wounded.
The zap hits Duvessa.
Duvessa is lightly wounded.
Casting: Shock (safe; 3% risk of failure)
Confirm with . or Enter, or press ? or * to list all spells.
You miscast Static Discharge.
You are very lightly contaminated with residual magic.
Nothing appears to happen.
Duvessa hits you with a +0 short sword!
Unknown command.
Casting: Static Discharge (safe; 6% risk of failure)
Confirm with . or Enter, or press ? or * to list all spells.
Duvessa is struck by an arc of lightning.
Duvessa is moderately wounded.
You are struck by an arc of lightning.
The lightning grounds out.
Duvessa hits you with a +0 short sword!
Casting: Static Discharge (safe; 6% risk of failure)
Confirm with . or Enter, or press ? or * to list all spells.
Duvessa is struck by an arc of lightning.
Duvessa is heavily wounded.
You are struck by an arc of lightning.
The lightning grounds out.
Duvessa hits you with a +0 short sword!
* * * LOW HITPOINT WARNING * * *
Casting: Static Discharge (safe; 6% risk of failure)
Confirm with . or Enter, or press ? or * to list all spells.
Duvessa is struck by an arc of lightning.
Duvessa is severely wounded.
You are struck by an arc of lightning.
* * * LOW HITPOINT WARNING * * *
The lightning grounds out.
Duvessa hits you with a +0 short sword!
You die...

#..........
#.....##..
###.#.#
.##.###.#.#######
.................
#..#.###.#.######
#.. ...#.#
.....###.#.#
.......@...#
#.#.##.#e###
[.........#######
.##..##.#........
#.....#........
##.##.#........ #
....#......
#.#+#...... #..
......


You could see Duvessa.

Vanquished Creatures
  A hound (D:3)
  Jessica (D:2)
  2 adders
  A worm (D:2)
  4 dart slugs
  4 orcs (D:2)
  7 ball pythons
  3 bat zombies (D:3)
  6 endoplasms
  3 giant cockroaches
  6 goblins
  5 hobgoblins
  2 jackals (D:1)
  7 kobolds
  2 quokkas (D:1)
  6 bats
  A frilled lizard (D:2)
  7 rats
  A rat zombie (D:3)
69 creatures vanquished.

Notes
Turn   | Place    | Note
-------+----------+-------------------------------------------
     0 | D:1      | Bruhh the Ogre Air Elementalist began the quest for the
                  | Orb.
     0 | D:1      | Reached XP level 1. HP: 16/16 MP: 3/3
    90 | D:1      | Reached skill level 1 in Conjurations
   352 | D:1      | Reached XP level 2. HP: 21/24 MP: 0/5
  1122 | D:1      | Reached skill level 3 in Spellcasting
  1122 | D:1      | Reached XP level 3. HP: 27/31 MP: 0/7
  1134 | D:1      | Learned a level 2 spell: Static Discharge
  1770 | D:2      | Found Niej's Weapon Shop.
  1774 | D:2      | Noticed Jessica
  1790 | D:2      | Killed Jessica
  1791 | D:2      | Reached XP level 4. HP: 39/39 MP: 3/9
  1918 | D:2      | Found a faded altar of an unknown god.
  2880 | D:3      | Reached XP level 5. HP: 32/45 MP: 5/10
  3170 | D:3      | Found an ancient bone altar of Kikubaaqudgha.
  3214 | D:3      | Reached skill level 4 in Spellcasting
  3507 | D:4      | Noticed Duvessa
  3519 | D:4      | Slain by Duvessa

Illustrated notes

Levels and vault maps discovered:
D:1:      saegor_arrival_fortress, layout_basic
D:2:      layout_basic, serial_shops, nicolae_shop_bloodbath_and_beyond,
          chequers_ecumenical_altar_island, uniq_jessica
D:3:      layout_loops_cross, lemuel_zombie_altar_kikubaaqudgha
D:4:      layout_basic, uniq_duvessa, uniq_eustachio, uniq_robin

Skill      XL: |  1  2  3  4  5 |
---------------+----------------+-----
Conjurations   | 1 2 |  2.6
Air Magic      | 3 |  3.8
Spellcasting   | 3 4 |  4.0
Dodging        | |  1.7
Stealth        | |  1.4

Action                   |  1- 3 |  4- 6 || total
-------------------------+-------+-------++-------
Melee: Unarmed           |    43 |       ||    43
       Club              |     9 |       ||     9
       Morningstar       |       |    37 ||    37
       Punch             |       |     1 ||     1
 Cast: Shock             |    77 |    65 ||   142
       Static Discharge  |       |     4 ||     4
  Use: Scroll            |       |     6 ||     6
 Stab: Sleeping          |       |     1 ||     1
Armor: Robe              |    33 |    33 ||    66
Dodge: Dodged            |    30 |    41 ||    71

Table legend: (Time is in decaauts)
 A = Elapsed time spent in this place.
 B = Non-inter-level travel time spent in this place.
 C = Inter-level travel time spent in this place.
 D = Time resting spent in this place.
 E = Time spent auto-exploring this place.
 F = Levels seen in this place.
 G = Mean time per level.
                   A        B        C        D        E       F      G
               +--------+--------+--------+--------+--------+-----+--------+
         Total |   3541 |   3430 |    111 |      0 |   2932 |   4 |  885.2 |
       Dungeon |   3541 |   3430 |    111 |      0 |   2932 |   4 |  885.2 |
               +--------+--------+--------+--------+--------+-----+--------+

Top non-repeatable levels by time:
     D:1: 1599 daAuts
     D:3: 1142 daAuts
     D:2: 767 daAuts
     D:4: 32 daAuts
